 Dungeon Crawl Stone Soup version 0.29.0-4-gdea44cf6ec (webtiles) character file.

Game seed: 13925928501311247513

156 qw the Chopper (level 5, -1/41 HPs)
             Began as a Demonspawn Cinder Acolyte on Sept 9, 2022.
             Was a High Priest of Ignis.
             Blown up by Ijyb (12 damage)
             ... with a mindburst bolt
             ... on level 3 of the Dungeon.
             The game lasted 00:00:34 (1751 turns).

qw the Chopper (Demonspawn Cinder Acolyte)          Turns: 1751, Time: 00:00:35

Health: -1/41      AC: 17    Str: 16    XL:     5   Next: 14%
Magic:  6/6        EV:  6    Int: 15    God:    Ignis [*****.]
Gold:   134        SH:  0    Dex:  9    Spells: 6/6 levels left

rFire   + . .      SeeInvis .   Y - +0 hand axe (flame)
rCold   . . .      Faith    .   (no shield)
rNeg    . . .      Spirit   .   d - +0 chain mail
rPois   .          Reflect  .   (no helmet)
rElec   .          Harm     .   e - +0 cloak
rCorr   .          Rampage  .   (no gloves)
Will    .....                   (no boots)
Stlth   ..........              (no amulet)
HPRegen 0.13/turn               (no ring)
MPRegen 0.10/turn               (no ring)

@: fiery-armoured
A: sharp scales 1, demonic magic 1, weakness stinger 2
a: Renounce Religion, Fiery Armour, Foxfire Swarm, Rising Flame


You were on level 3 of the Dungeon.
You worshipped Ignis.
Ignis was extremely pleased with you.
You visited 1 branch of the dungeon, and saw 3 of its levels.

You collected 134 gold pieces.


Innate Abilities, Weirdness & Mutations

You are partially covered in razor-sharp scales. (AC +1, Slay +1)
Spells you cast may paralyse adjacent enemies.
You have a tail ending in a sharp stinger.


   Skills:
 - Level 3.0 Fighting
 - Level 5.1 Axes
 + Level 1.3 Armour
 - Level 1.0 Spellcasting
 - Level 2.6 Fire Magic


You had 6 spell levels left.
You didn't know any spells.
Your spell library contained the following spells:

 Spells                   Type           Power      Damage    Failure   Level
 Scorch                   Fire           16%        2d6       94%         2

Inventory:

Hand Weapons
 Y - a +0 hand axe of flaming (weapon)
Armour
 d - a +0 chain mail (worn)
 e - a +0 cloak (worn)
Potions
 c - a potion of curing {unknown}
 f - a potion of cancellation {unknown}

Dungeon Overview and Level Annotations

Branches:
Dungeon (3/15)

Altars:
Trog

Annotations:
D:3 Ijyb


Message History

You hear a shout!
The orc priest calls down the wrath of Beogh upon you.
Beogh smites you! Something hits you.
1745 ||| INVOKING Fiery Armour.
A protective cloak of flame settles atop you.
The orc priest looks encouraged for a moment.
An orc comes into view. It is wielding a +0 hand axe.
Something hits you but does no damage.
You hit the orc priest. You burn the orc priest.
The orc priest is moderately wounded.
You miss something. Something hits you but does no damage.
You closely miss the orc. You hit something. You burn something.
Something hits you but does no damage.
You hit the orc. You burn the orc.
The orc is severely wounded.
You hit something but do no damage. The orc hits you with a +0 hand axe.
The orc is burned by your cloak of flames.
You kill the orc!
Something hits you but does no damage.
You hit the orc priest. You burn the orc priest.
Your tail-slap misses the orc priest.
The orc priest is severely wounded.
You miss something.
The orc priest hits you but does no damage.
The orc priest is burned by your cloak of flames.
The orc priest is severely wounded.
Something hits you but does no damage.
You hit the orc priest. You burn the orc priest.
You kill the orc priest!
You hit something. You burn something. Something hits you but does no damage.
Your Axes skill increases to level 5!
You have reached level 5!
Your demonic ancestry asserts itself...
A menacing aura infuses your magic.
You closely miss something.
You hear a zap.
Your mind is blasted!
You die...

## .#.... #.#
....## #.#
...... #.#
####....# #.#
#{@).# #.#
#.##.# #.#
#..#.#
#.###.#).#
#....###.#
##....# ##
### #.###.#
..# ##.## .#
#.###...##.##


There were no monsters in sight!

Vanquished Creatures
  An orc priest (D:3)
  Jessica (D:2)
  4 gnolls (D:2)
  2 adders (D:2)
  2 worms (D:2)
  2 orcs (D:3)
  2 ball pythons (D:1)
  2 endoplasms
  3 giant cockroaches
  7 goblins
  A hobgoblin (D:2)
  2 jackals (D:2)
  A bat (D:2)
  5 kobolds
  3 rats
38 creatures vanquished.

Notes
Turn   | Place    | Note
-------+----------+-------------------------------------------
     0 | D:1      | qw the Demonspawn Cinder Acolyte began the quest for the
                  | Orb.
     0 | D:1      | Reached XP level 1. HP: 18/18 MP: 2/2
     0 | D:1      | 0 ||| qw: Version: 0.1-a-113-g051387a
     0 | D:1      | 0 ||| qw: Game counter: 7337
     0 | D:1      | 0 ||| qw: Always use a shield: true
     0 | D:1      | 0 ||| qw: God list: Okawaru
     0 | D:1      | 0 ||| qw: Allow faded altars: false
     0 | D:1      | 0 ||| qw: Do Orc after D:15 true
     0 | D:1      | 0 ||| qw: Do second Lair branch before Depths: true
     0 | D:1      | 0 ||| qw: Lair rune preference: random
     0 | D:1      | 0 ||| qw: Plans: Normal
     0 | D:1      | 0 ||| PLANNING D:1-11
   165 | D:1      | 165 ||| Stepping ~*~*~tactically~*~*~ (stealth).
   167 | D:1      | Reached skill level 3 in Axes
   274 | D:1      | Gained mutation: You are partially covered in razor-sharp
                  | scales. (AC +1, Slay +1) [demonic ancestry]
   274 | D:1      | Reached XP level 2. HP: 24/24 MP: 3/3
   668 | D:1      | 668 ||| UPGRADING to +0 chain mail.
   678 | D:1      | 678 ||| DROPPING +0 robe.
   679 | D:1      | 679 ||| READING 2 scrolls labelled XITYHAIPAM.
   680 | D:1      | 680 ||| READING scroll labelled PEWOIF LIFI.
   681 | D:1      | 681 ||| READING scroll labelled VAUWEDWETRYNK.
   685 | D:1      | 685 ||| DROPPING scroll of blinking.
   730 | D:2      | Found a bloodstained altar of Trog.
   753 | D:2      | Reached skill level 1 in Armour
   849 | D:2      | Gained mutation: You have a small tail. [demonic ancestry]
   849 | D:2      | Reached XP level 3. HP: 27/29 MP: 4/4
   885 | D:2      | Found a faded altar of an unknown god.
  1175 | D:2      | Noticed Jessica
  1176 | D:2      | 1176 ||| Stepping ~*~*~tactically~*~*~ (stealth).
  1181 | D:2      | Killed Jessica
  1182 | D:2      | Reached skill level 4 in Axes
  1347 | D:2      | 1347 ||| Stepping ~*~*~tactically~*~*~ (hiding).
  1349 | D:2      | 1349 ||| INVOKING Fiery Armour.
  1353 | D:2      | Gained mutation: You have a tail ending in a sharp stinger.
                  | [demonic ancestry]
  1353 | D:2      | Reached XP level 4. HP: 27/34 MP: 5/5
  1606 | D:2      | 1606 ||| UPGRADING to +0 cloak.
  1611 | D:2      | 1611 ||| READING scroll labelled UCINAZ ZUNK.
  1612 | D:2      | 1612 ||| READING scroll labelled ICOUWINOEDGH.
  1736 | D:3      | Noticed Ijyb
  1737 | D:3      | 1737 ||| Stepping ~*~*~tactically~*~*~ (hiding).
  1745 | D:3      | 1745 ||| INVOKING Fiery Armour.
  1751 | D:3      | Reached skill level 5 in Axes
  1751 | D:3      | Gained mutation: Spells you cast may paralyse adjacent
                  | enemies. [demonic ancestry]
  1751 | D:3      | Reached XP level 5. HP: 11/41 MP: 6/6
  1751 | D:3      | Blown up by Ijyb

Levels and vault maps discovered:
D:1:      scummos_arrival_forest, layout_loops_ring,
          hangedman_abyss_or_decor_lesser_grid, minmay_tetromino_t4
D:2:      layout_basic, chequers_ecumenical_altar_island, basic_altar,
          uniq_jessica
D:3:      layout_loops_ring, mainiacjoe_overflow_alcove_2, uniq_sigmund,
          uniq_ijyb

Skill      XL: |  1  2  3  4 |
---------------+-------------+-----
Axes           | 3 4 5 |  5.1
Armour         | 1 |  1.3
Fighting       | |  3.0
Spellcasting   | |  1.0
Fire Magic     | |  2.6

Action                   |  1- 3 |  4- 6 || total
-------------------------+-------+-------++-------
Melee: Hand axe          |    67 |    32 ||    99
       Tailslap          |     1 |     2 ||     3
       Punch             |       |     1 ||     1
Invok: Fiery Armour      |     1 |     1 ||     2
  Use: Scroll            |     3 |     2 ||     5
Armor: Robe              |     6 |       ||     6
       Chain mail        |    29 |    22 ||    51
Dodge: Dodged            |    16 |     5 ||    21

Table legend:
 A = Non-vault XP
 B = Vault XP
 C = Vault XP percentage of total XP
 D = Non-vault monster count
 E = Vault monster count
 F = Vault count percentage of total count
                 A         B        C        D         E       F
            +---------+---------+-------+---------+---------+-------
      Total |     182 |      41 |  18.4 |      34 |       4 |  10.5
            +---------+---------+-------+---------+---------+-------
        D:1 |      14 |       4 |  22.2 |       8 |       3 |  27.3
        D:2 |     114 |      37 |  24.5 |      19 |       1 |   5.0
        D:3 |      54 |       0 |   0.0 |       7 |       0 |   0.0
            +---------+---------+-------+---------+---------+-------
